 Dungeon Crawl Stone Soup version 0.19-a0-994-g3c636f0 (webtiles) character file.

483 MrRokkomies the Slasher (level 7, -1/45 HPs)
             Began as an Octopode Skald on July 15, 2016.
             Was an Initiate of Dithmenos.
             Slain by Pikel
             ... wielding a +0 whip of freezing
              (2 damage)
             ... on level 4 of the Dungeon.
             The game lasted 00:09:52 (3574 turns).

MrRokkomies the Slasher (Octopode Skald)            Turns: 3574, Time: 00:09:52

Health: -1/45      AC:  1    Str: 15    XL:     7   Next: 12%
Magic:  4/10       EV: 14    Int: 15    God:    Dithmenos [......]
Gold:   232        SH:  0    Dex: 13    Spells: 4 memorised, 2 levels left

rFire  . . .     SeeInvis .     a - +1 falchion
rCold  . . .     Gourm    .     (no shield)
rNeg   . . .     Faith    .     (helmet restricted)
rPois  .         Spirit   .     h - amulet of magic regeneration
rElec  .         Dismiss  .     e - ring of sustain attributes
rCorr  .         Reflect  .     i - +4 ring of strength
SustAt +         Harm     .     (no ring)
MR     .....                    (no ring)
Stlth  ++........               (no ring)
                                (no ring)
                                (no ring)
                                (no ring)

@: not resistant to hostile enchantments, unstealthy
A: almost no armour, amphibious, 8 rings, constrict 8, camouflage 1, gelatinous
body 1
a: Renounce Religion


You were on level 4 of the Dungeon.
You worshipped Dithmenos.
Dithmenos was noncommittal.
You were hungry.

You visited 2 branches of the dungeon, and saw 5 of its levels.

You collected 232 gold pieces.

Inventory:

Hand Weapons
 a - a +1 falchion (weapon)
Missiles
 d - 176 stones (quivered)
 g - 36 sling bullets
Jewellery
 e - a ring of sustain attributes (left tentacle)
 h - an amulet of magic regeneration (around mantle)
 i - a +4 ring of strength (right tentacle)
Potions
 k - 2 potions of agility
Books
 b - a book of Battle

   Spells                             Type                      Level
   a - Infusion                       Charms                       1
   b - Shroud of Golubria             Charms/Translocation         2
   c - Song of Slaying                Charms                       2
   d - Spectral Weapon                Hexes/Charms                 3
   e - Regeneration                   Charms/Necromancy            3
Comestibles
 c - 4 bread rations
 f - 3 beef jerkies
 j - a royal jelly
 l - 5 fruits
 m - 2 meat rations
 n - 3 chunks of flesh


   Skills:
 - Level 2.0 Fighting
 * Level 5.4 Long Blades
 * Level 4.5 Dodging
 - Level 2.0 Spellcasting
 - Level 4.0 Charms


You had 2 spell levels left.
You knew the following spells:

 Your Spells              Type           Power        Failure   Level  Hunger
a - Infusion              Chrm           ##..         4%          1    #......
b - Shroud of Golubria    Chrm/Tloc      #.........   14%         2    ###....
c - Song of Slaying       Chrm           ##......     8%          2    ###....
d - Spectral Weapon       Hex/Chrm       #.......     30%         3    ###....


Dungeon Overview and Level Annotations

Branches:
Dungeon (4/15)             Temple (1/1) D:4

Altars:
Cheibriados
Dithmenos
Gozag
Hepliaklqana
Okawaru
Pakellas
Ru
Sif Muna
Trog
The Shining One

Annotations:
D:4 Pikel


Innate Abilities, Weirdness & Mutations

You cannot wear most types of armour.
You are amphibious.
You can wear up to eight rings at the same time.
You can use your tentacles to constrict eight enemies at once.
Your skin changes colour to match your surroundings (Stealth+).
Your rubbery body absorbs attacks. (AC +1)


Message History

Okay, then.
Unknown command.
You hit Pikel.
Pikel is lightly wounded.
You constrict Pikel. Pikel hits you with a whip of freezing. Pikel freezes you.
You hit Pikel.
Pikel is moderately wounded.
You constrict Pikel. Pikel misses you.
You hit Pikel. Your squeeze misses Pikel.
Pikel is heavily wounded.
You constrict Pikel. Pikel hits you with a whip of freezing!
* * * LOW HITPOINT WARNING * * *
Pikel freezes you.
* * * LOW HITPOINT WARNING * * *
You hit Pikel. Your squeeze misses Pikel.
Pikel is severely wounded.
You constrict Pikel. Pikel hits you with a whip of freezing!
* * * LOW HITPOINT WARNING * * *
Pikel freezes you.
You die...

..p#####.#p.#.#
#.#.##.##
#......p#
###.....#
#####.# #.. #p#
#.. #.# #.#.##
########.#
#.#...
#..K@....#
#.#..#
#.######## #
#.#..#####.# #
#.#..##....# #
##.#..##.#..#
###..#........#
.....#........#
.###..#.......#
## #.......#.##


You could see Pikel.

Vanquished Creatures
  3 slaves (D:4)
  2 giant frogs
  A howler monkey (D:4)
  4 orc wizards
  Natasha (D:4)
  A worker ant (D:4)
  5 adders (D:2)
  An ooze (D:1)
  3 worms
  2 dart slugs
  A giant gecko (D:1)
  8 orcs
  10 bats
  12 giant cockroaches
  9 goblins
  8 hobgoblins
  12 jackals
  A ball python (D:2)
  6 kobolds
  5 rats
95 creatures vanquished.

Notes
Turn   | Place    | Note
-------+----------+-------------------------------------------
     0 | D:1      | MrRokkomies the Octopode Skald began the quest for the Orb.
     0 | D:1      | Reached XP level 1. HP: 14/14 MP: 3/3
   121 | D:1      | Reached XP level 2. HP: 16/19 MP: 5/5
   148 | D:1      | Learned a level 2 spell: Shroud of Golubria
   151 | D:1      | Learned a level 2 spell: Song of Slaying
   522 | D:1      | Reached XP level 3. HP: 19/24 MP: 6/6
   989 | D:2      | Reached skill level 3 in Long Blades
  1002 | D:2      | Reached XP level 4. HP: 29/29 MP: 0/7
  1188 | D:2      | Found a sacrificial altar of Ru.
  1194 | D:2      | Found a bloodstained altar of Trog.
  1195 | D:2      | Found an oddly glowing altar of Pakellas.
  1195 | D:2      | Found a deep blue altar of Sif Muna.
  1198 | D:2      | Found an opulent altar of Gozag.
  1881 | D:2      | Reached XP level 5. HP: 34/34 MP: 3/8
  1886 | D:2      | Learned a level 3 spell: Spectral Weapon
  1991 | D:3      | Reached skill level 4 in Long Blades
  2641 | D:3      | Reached XP level 6. HP: 23/39 MP: 6/9
  3211 | D:4      | Reached skill level 5 in Long Blades
  3232 | D:4      | Found a staircase to the Ecumenical Temple.
  3328 | Temple   | Entered the Ecumenical Temple
  3345 | Temple   | Became a worshipper of Dithmenos the Shadowed
  3409 | D:4      | Noticed Natasha
  3418 | D:4      | Killed Natasha
  3418 | D:4      | Reached XP level 7. HP: 45/45 MP: 10/10
  3567 | D:4      | Noticed Pikel
  3574 | D:4      | HP: 1/45 [Pikel/whip of freezing (8)]
  3574 | D:4      | Slain by Pikel

Vault maps used:
D:1:      sevenhm_arrival_forest_fort_large_4
D:2:      minitemple, first_bread
D:4:      serial_shops, nicolae_shop_temple_entry_statues_fountains,
          gup_sewer_entry_bowl, uniq_pikel, uniq_sigmund, uniq_natasha
Temple:   nicolae_temple_elliptical

Skill      XL: |  1  2  3  4  5  6 |
---------------+-------------------+-----
Long Blades    | 3 4 5 |  5.4
Charms         | 4 |  4.0
Dodging        | 2 3 4 |  4.5
Fighting       | |  2.0
Spellcasting   | |  2.0

Action                   |  1- 3 |  4- 6 |  7- 9 || total
-------------------------+-------+-------+-------++-------
Melee: Falchion          |    67 |   160 |    29 ||   256
       Constrict         |    14 |    45 |     6 ||    65
       Tentacles         |    11 |    35 |     9 ||    55
Throw: Stone             |     4 |     5 |       ||     9
 Cast: Shroud of Golubri |     1 |     7 |     2 ||    10
       Infusion          |     1 |     5 |     2 ||     8
  Use: Scroll            |     2 |     5 |       ||     7
       Potion            |       |     1 |     1 ||     2
 Stab: Sleeping          |     5 |     8 |     1 ||    14
       Distracted        |       |     1 |       ||     1
  Eat: Chunk             |       |     7 |     1 ||     8
       Fruit             |       |     1 |       ||     1
Armor: Skin              |     3 |     8 |     1 ||    12
Dodge: Dodged            |    22 |    71 |    11 ||   104
